 Dungeon Crawl Stone Soup version 0.16-a0-2622-gbfab2ba (console) character file.

520 utis the Cutter (level 7, 0/43 HPs)
             Began as a Kobold Assassin on Nov 22, 2014.
             Was a Follower of Zin.
             Succumbed to an orc priest's poison
             ... on level 4 of the Dungeon.
             The game lasted 00:17:55 (6727 turns).

utis the Cutter (Kobold Assassin)                   Turns: 6727, Time: 00:17:55

Health: 0/43       AC:  4    Str: 12    XL:     7   Next: 45%
Magic:  16/16      EV: 18    Int:  9    God:    Zin [*.....]
Gold:   135        SH:  0    Dex: 17    Spells: 0 memorised, 6 levels left

rFire  . . .     SeeInvis .     a - +2 dagger
rCold  . . .     Clarity  .     b - +0 robe
rNeg   . . .     SustAb   .     (no shield)
rPois  .         Gourm    .     u - +0 helmet
rElec  .         Spirit   .     v - +0 cloak
rCorr  +         Warding  .     (no gloves)
rMut   .         Stasis   .     (no boots)
MR     .....                    x - amulet of resist corrosion
Stlth  +++.......               (no ring)
                                m - ring of magical power

@: lethally poisoned, not resistant to hostile enchantments, fairly stealthy
A: carnivore 3
a: Recite, Renounce Religion


You were on level 4 of the Dungeon.
You worshipped Zin.
Zin was aware of your devotion.
You were full.

You visited 1 branch of the dungeon, and saw 4 of its levels.

You collected 150 gold pieces.
You donated 15 gold pieces to Zin.

Inventory:

Hand weapons
 a - a +2 dagger (weapon)
 c - a +0 blowgun
 t - a +0 short sword
Missiles
 e - 48 poisoned needles
 f - 2 curare-tipped needles {=f}
 i - 110 stones (quivered)
 q - 119 sling bullets
 C - 15 steel sling bullets
Armour
 b - a +0 robe (worn)
 d - a +0 cloak
 s - a +0 plate armour
 u - a +0 helmet (worn)
 v - a +0 cloak (worn)
Jewellery
 m - a ring of magical power (left hand)
 x - an amulet of resist corrosion (around neck)
 D - an uncursed ring of fire {unknown}
Scrolls
 j - 2 scrolls of remove curse
 n - a scroll of amnesia {unknown}
 o - a scroll of magic mapping
 w - a scroll of enchant armour {unknown}
 y - a scroll of identify
 E - 2 scrolls of teleportation {unknown}
Potions
 h - a potion of brilliance
 l - a potion of haste
 r - a potion of agility
Comestibles
 g - 2 meat rations
 k - a slice of pizza
 z - 2 beef jerkies


   Skills:
 - Level 4.2 Fighting
 - Level 7.0 Short Blades
 - Level 2.6 Throwing
 + Level 5.1 Dodging
 - Level 5.3 Stealth


You had 6 spell levels left.
You didn't know any spells.

Dungeon Overview and Level Annotations

Branches:
Dungeon (4/15)
 Temple: D:4-7

Altars:
Yredelemnul
Zin
The Shining One

Shops:
D:4 *


Innate Abilities, Weirdness & Mutations

You are small and have problems with some larger weapons.
You are carnivorous and can eat meat at any time.


Message History

You feel sick.
You see here a short sword.
* * * LOW HITPOINT WARNING * * *
You feel sick.
* * * LOW HITPOINT WARNING * * *
You feel sick.
* * * LOW HITPOINT WARNING * * *
You feel sick.
* * * LOW HITPOINT WARNING * * *
You feel sick.
* * * LOW HITPOINT WARNING * * *
You feel sick.
* * * LOW HITPOINT WARNING * * *
You feel sick.
* * * LOW HITPOINT WARNING * * *
You feel sick.
* * * LOW HITPOINT WARNING * * *
You feel sick.
There is a stone staircase leading up here.
You die...

..➘....[............▓▓▓▓▓▓▓.▓▓
.▓▓▓▓▓▓).▓▓......▓▓.▓▓.......▓
.▓ ▓▓.))........▓▓..........▓
.▓▓▓▓..▓)........▓▓▓......<..▓
.▓.▓..▓▓.........▓ ▓▓........▓
.....▓▓▓.....>.).▓ ▓.<......▓▓
..➘.▓▓ ▓.........▓ ▓.........▓
..➘.▓ ▓.........▓ ▓.........▓
....▓▓ ▓........K▓ ▓.........▓
.....▓ ▓.........▓ ▓.........▓
.....▓ ▓.........▓ ▓.........▓
.....▓ ▓........▓▓ ▓▓........▓
.....▓ ▓.▓....▓▓▓ ▓.......▓▓
.....▓ ▓.▓▓▓▓.▓ ▓.......▓
.....▓ ▓.▓ ▓.▓ ▓▓▓▓....▓▓▓▓
.....▓ ▓.▓ ▓▓.▓▓▓▓▓.▓▓..▓▓▓
.....▓ ▓)▓ ▓..▓▓.......▓▓


There were no monsters in sight!

Vanquished Creatures
  An ogre (D:4)
  3 orc priests (D:4)
  An orc wizard (D:4)
  2 worker ants (D:4)
  An iguana (D:4)
  Ijyb (D:4)
  A worker ant zombie (D:4)
  7 adders
  3 gnolls (D:4)
  5 worms
  3 oozes
  8 orcs
  4 ball pythons
  3 giant cockroaches
  4 goblins
  16 hobgoblins
  5 jackals
  2 quokkas
  9 bats
  5 giant geckos
  7 giant newts
  14 kobolds
  14 rats
119 creatures vanquished.

Notes
Turn   | Place    | Note
--------------------------------------------------------------
     0 | D:1      | utis, the Kobold Assassin, began the quest for the Orb.
     0 | D:1      | Reached XP level 1. HP: 12/12 MP: 1/1
   150 | D:1      | Reached XP level 2. HP: 15/17 MP: 2/2
   889 | D:1      | Reached XP level 3. HP: 21/21 MP: 3/3
  1542 | D:2      | Reached skill level 5 in Short Blades
  1894 | D:2      | Reached XP level 4. HP: 24/26 MP: 4/4
  1976 | D:2      | Found a glowing golden altar of the Shining One.
  1977 | D:2      | Noticed an angel
  2552 | D:2      | Found a basalt altar of Yredelemnul.
  2553 | D:2      | Noticed a profane servitor
  2635 | D:2      | Became a worshipper of the Shining One
  2769 | D:3      | Reached skill level 6 in Short Blades
  2793 | D:3      | Reached XP level 5. HP: 18/30 MP: 5/5
  3748 | D:3      | Reached skill level 7 in Short Blades
  4355 | D:4      | Noticed an ogre
  4729 | D:4      | Killed an ogre
  4729 | D:4      | Reached XP level 6. HP: 21/38 MP: 6/6
  5337 | D:4      | Noticed Ijyb
  5371 | D:4      | Killed Ijyb
  5639 | D:4      | Found Zin's Purification Station.
  5641 | D:4      | Found a glowing silver altar of Zin.
  5648 | D:4      | Fell from the grace of the Shining One
  5648 | D:4      | Became a worshipper of Zin the Law-Giver
  5648 | D:4      | Acquired Zin's first power
  5678 | D:4      | Reached XP level 7. HP: 43/43 MP: 7/7
  6165 | D:4      | HP: 2/43 [orc/short sword (1)]
  6703 | D:4      | Reached skill level 5 in Dodging
  6725 | D:4      | HP: 2/43 [poisoned by an orc priest]
  6727 | D:4      | Succumbed to an orc priest's poison

Action                   |  1- 3 |  4- 6 |  7- 9 || total
-------------------------+-------+-------+-------++-------
Melee: Dagger            |   130 |   328 |    78 ||   536
       Short sword       |       |       |    63 ||    63
 Fire: Blowgun           |     4 |     7 |     4 ||    15
Throw: Stone             |     5 |     8 |    15 ||    28
  Use: Scroll            |       |     8 |     1 ||     9
       Potion            |       |     1 |     3 ||     4
 Stab: Sleeping          |     6 |     5 |       ||    11
       Distracted        |       |       |     3 ||     3
  Eat: Chunk             |    11 |    12 |     1 ||    24
